 Dungeon Crawl Stone Soup version 0.29.1-1-gd02db6906a (webtiles) character file.

Game seed: 527864661099223989

34 gzilladon the Chopper (level 3, 0/33 HPs)
             Began as a Hill Orc Monk on Sept 23, 2022.
             Was a Believer of Beogh.
             Succumbed to an orc's poison
             ... on level 3 of the Dungeon.
             The game lasted 00:04:03 (680 turns).

gzilladon the Chopper (Hill Orc Monk)                Turns: 680, Time: 00:04:04

Health: 0/33       AC:  6    Str: 15    XL:     3   Next: 31%
Magic:  3/3        EV: 10    Int: 10    God:    Beogh [**....]
Gold:   51         SH:  0    Dex: 13    Spells: 2/2 levels left

rFire   . . .      SeeInvis .   i - +2 whip (elec)
rCold   . . .      Faith    .   (no shield)
rNeg    . . .      Spirit   .   l - +0 scale mail
rPois   .          Reflect  .   (no helmet)
rElec   .          Harm     .   (no cloak)
rCorr   .          Rampage  .   (no gloves)
Will    .....                   (no boots)
Stlth   ..........              (no amulet)
HPRegen 0.11/turn               (no ring)
MPRegen 0.08/turn               (no ring)

@: lethally poisoned (0 -> -4)
A: no striking features
a: Renounce Religion, Smiting


You were on level 3 of the Dungeon.
You worshipped Beogh.
Beogh was pleased with you.
You visited 1 branch of the dungeon, and saw 3 of its levels.

You collected 51 gold pieces.

Inventory:

Hand Weapons
 a - a +0 hand axe
 i - a +2 whip of electrocution (weapon)
 k - a +0 war axe
Missiles
 g - 3 poisoned darts (quivered)
 h - 3 stones
Armour
 b - a +0 robe
 l - a +0 scale mail (worn)
Scrolls
 d - a scroll of teleportation {unknown}
 e - a scroll of poison {unknown}
 f - a scroll of immolation {unknown}


   Skills:
 + Level 4.3 Fighting
 + Level 4.5 Axes
 + Level 0.3(2.3) Maces & Flails
 + Level 2.7 Dodging
 + Level 1.6 Stealth


You had 2 spell levels left.
You didn't know any spells.
Your spell library was empty.

Dungeon Overview and Level Annotations

Branches:
Dungeon (3/15)

Altars:


Message History

You feel sick.
You feel sick.
You are confused.
You feel invigorated.
You feel sick.
You feel sick.
You are no longer poisoned.
The orc throws a poisoned dart.
The poisoned dart hits you!
You are lethally poisoned!
You feel very sick.
You bump into the rock wall.
You feel sick. The goblin hits you with a +0 dagger.
You barely miss the goblin.
You feel less invigorated.
You feel less confused.
You feel sick. The goblin hits you with a +0 dagger.
You closely miss the goblin.
You feel sick. The goblin hits you but does no damage.
You closely miss the goblin.
You feel sick. The goblin closely misses you.
You hit the goblin. Lightning courses through the goblin!
You kill the goblin!
Beogh accepts your kill.
You feel sick.
The orc throws a poisoned dart.
The poisoned dart hits you!
You are more poisoned.
* * * LOW HITPOINT WARNING * * *
You feel sick. The orc hits you with a +0 hand axe.
* * * LOW HITPOINT WARNING * * *
You see here a +0 dagger.
You completely miss the orc.
* * * LOW HITPOINT WARNING * * *
You feel sick. The orc barely misses you.
You hit the orc. Lightning courses through the orc!
You kill the orc!
Beogh accepts your kill.
* * * LOW HITPOINT WARNING * * *
You feel sick.
* * * LOW HITPOINT WARNING * * *
You feel sick.
Things that are here:
a +0 hand axe; 3 poisoned darts It was a potion of magic.
Magic courses through your body.
You die...

##..............o..
#.......).........
#.........#.......
#......<.)....#...
#......)).........
#..........##.....
#.................
#.....)...####..##
#......@..# #
#######)### #..#
#.## #.# ... ...#
#####


There were no monsters in sight!

Vanquished Creatures
  Robin (D:3)
  An orc (D:3)
  6 goblins
  3 hobgoblins
  A quokka (D:1)
  3 ball pythons
  3 bats
  2 kobolds (D:2)
  3 rats
23 creatures vanquished.

Vanquished Creatures (others)
  3 orcs (D:3)
  A hobgoblin (D:3)
  5 goblins (D:3)
9 creatures vanquished.

Grand Total: 32 creatures vanquished

Notes
Turn   | Place    | Note
-------+----------+-------------------------------------------
     0 | D:1      | gzilladon the Hill Orc Monk began the quest for the Orb.
     0 | D:1      | Reached XP level 1. HP: 19/19 MP: 1/1
   337 | D:2      | Reached XP level 2. HP: 27/27 MP: 2/2
   575 | D:3      | Became a worshipper of Beogh the Brigand
   575 | D:3      | Reached * piety under Beogh
   575 | D:3      | Reached ** piety under Beogh
   583 | D:3      | Noticed Robin
   598 | D:3      | Killed Robin
   599 | D:3      | Reached XP level 3. HP: 13/33 MP: 3/3
   678 | D:3      | HP: 1/33 [poisoned by an orc]
   680 | D:3      | Succumbed to an orc's poison

Illustrated notes

Levels and vault maps discovered:
D:1:      mainiacjoe_arrival_reflecting_pool, layout_loops_ring,
          minmay_tree_intersection
D:2:      layout_basic, serial_glass, glass_columns_b, glass_columns_a,
          grunt_ministairs_8
D:3:      layout_rooms, serial_corexii_hall, corexii_hall_statues_s,
          corexii_hall_statues_i, uniq_robin

Skill      XL: |  1  2 |
---------------+-------+-----
Fighting       | 4 |  4.3
Axes           | |  4.5
Maces & Flails | |  0.3
Dodging        | |  2.7
Stealth        | |  1.6

Action                   || total
-------------------------++-------
Melee: Hand axe          ||    22
       Whip              ||    32
Invok: Convert to Beogh  ||     1
  Use: Potion            ||     2
Armor: Robe              ||    14
       Scale mail        ||     1
Dodge: Dodged            ||    65
